 Dungeon Crawl Stone Soup version 0.21.1-1-g345015fe64 (webtiles) character file.

243203 Ikesh the Eclecticist (level 19, -2/136 HPs)
             Began as a Merfolk Skald on Mar 10, 2018.
             Was a High Priest of the Shining One.
             Slain by Mennas
             ... wielding a +4 sacred scourge of holy wrath
              (12 damage)
             ... on level 2 of the Vaults on Mar 14, 2018.
             The game lasted 08:44:33 (45258 turns).

Ikesh the Eclecticist (Merfolk Skald)              Turns: 45258, Time: 08:44:34

Health: -2/136     AC: 17    Str: 21    XL:     19   Next: 86%
Magic:  44/48      EV: 19    Int: 23    God:    the Shining One [*****.]
Gold:   1418       SH:  0    Dex: 20    Spells: 4/51 levels left

rFire    + . .     SeeInvis .   G - +9 spear (pierce)
rCold    + . .     Gourm    .   H - +0 buckler
rNeg     + + .     Faith    +   b - +4 ring mail of Lyekligu {rPois MP+9}
rPois    +         Spirit   .   r - +1 helmet
rElec    .         Reflect  .   Y - scarf {cloud immunity}
rCorr    .         Harm     .   i - +1 pair of gloves
MR       ++...                  p - +2 pair of boots
Stlth    +.........             y - amulet of faith
HPRegen  0.72/turn              D - ring of Ydwe Mom {rF+ MR+ Str+4 Int+5 Stlth+}
MPRegen  0.31/turn              C - ring "Panojejo" {rPois rC+ Int+2 Dex+4 Stlth+}

@: confused, divine shield, berserk cooldown, hasted and slowed, glowing,
silenced, deflect missiles
A: change form in water, swift swim, stealthy swim, regeneration 1, strong 2
}: 1/15 runes: gossamer
a: Renounce Religion


You were on level 2 of the Vaults.
You worshipped the Shining One.
The Shining One was extremely pleased with you.
You were not hungry.

You visited 8 branches of the dungeon, and saw 36 of its levels.
You visited 1 bazaar.

You collected 3813 gold pieces.
You spent 2395 gold pieces at shops.

Inventory:

Hand Weapons
 k - a +1 trident of piercing
 G - a +9 spear of piercing (weapon)
Armour
 b - the +4 ring mail of Lyekligu (worn) {rPois MP+9}
   (You found it on level 2 of the Spider Nest)

   It protects you from poison.
   It affects your magic capacity (+9).
 i - a +1 pair of gloves (worn)
 p - a +2 pair of boots (worn)
 r - a +1 helmet (worn)
 H - a +0 buckler (worn)
 Y - a scarf of cloud immunity (worn)
Jewellery
 h - an uncursed ring of wizardry
 y - an amulet of faith (around neck)
 C - the ring "Panojejo" (right hand) {rPois rC+ Int+2 Dex+4 Stlth+}
   (You found it on level 2 of the Spider Nest)

   [ring of stealth]

   It affects your intelligence (+2).
   It affects your dexterity (+4).
   It protects you from cold.
   It protects you from poison.
   It makes you more stealthy.
 D - the ring of Ydwe Mom (left hand) {rF+ MR+ Str+4 Int+5 Stlth+}
   (You acquired it on level 2 of the Elven Halls)

   [ring of stealth]

   It affects your strength (+4).
   It affects your intelligence (+5).
   It protects you from fire.
   It affects your resistance to hostile enchantments.
   It makes you more stealthy.
Wands
 l - a wand of enslavement (11)
 m - a wand of digging (12)
 s - a wand of acid (25)
 t - a wand of polymorph (45)
 u - a wand of iceblast (4)
 w - a wand of disintegration (9)
Scrolls
 a - 4 scrolls of remove curse
 c - a scroll of amnesia
 v - 5 scrolls of magic mapping
 z - 2 scrolls of fog
 A - 2 scrolls of identify
 L - 8 scrolls of teleportation
 P - 6 scrolls of fear
 Q - 2 scrolls of blinking
 X - 2 scrolls of holy word
Potions
 e - 3 potions of might
 x - 2 potions of curing
 F - 4 potions of brilliance
 I - 6 potions of flight
 N - 3 potions of mutation
 S - a potion of cancellation
 V - 2 potions of ambrosia
 Z - a potion of magic
Books
 j - a book of Party Tricks

   Spells                             Type                      Level
   a - Summon Butterflies             Summoning                    1
   b - Apportation                    Translocation                1
   c - Lesser Beckoning               Translocation                3
   d - Tukima's Dance                 Hexes                        3
   e - Alistair's Intoxication        Transmutation/Poison         5
   f - Invisibility                   Hexes                        6
 o - a book of Air

   Spells                             Type                      Level
   a - Shock                          Conjuration/Air              1
   b - Swiftness                      Charms/Air                   2
   c - Static Discharge               Conjuration/Air              3
   d - Airstrike                      Air                          4
   e - Lightning Bolt                 Conjuration/Air              5
 q - Roxanne's Incunabulum of Transmutation
   (You took it off Roxanne on level 4 of the Swamp)

   Spells                             Type                      Level
   a - Beastly Appendage              Transmutation                1
   b - Spider Form                    Transmutation/Poison         3
   c - Petrify                        Transmutation/Earth          4
   d - Blade Hands                    Transmutation                5
   e - Statue Form                    Transmutation/Earth          6
 B - a book of Misfortune

   Spells                             Type                      Level
   a - Confusing Touch                Hexes                        1
   b - Confuse                        Hexes                        3
   c - Gell's Gravitas                Translocation                3
   d - Petrify                        Transmutation/Earth          4
   e - Metabolic Englaciation         Hexes/Ice                    5
   f - Yara's Violent Unravelling     Hexes/Transmutation          5
 J - a book of Clouds

   Spells                             Type                      Level
   a - Poisonous Vapours              Poison/Air                   2
   b - Mephitic Cloud                 Conjuration/Poison/Air       3
   c - Conjure Flame                  Conjuration/Fire             3
   d - Freezing Cloud                 Conjuration/Ice/Air          6
   e - Ring of Flames                 Charms/Fire                  7
 W - a book of Callings

   Spells                             Type                      Level
   a - Summon Small Mammal            Summoning                    1
   b - Call Imp                       Summoning                    2
   c - Call Canine Familiar           Summoning                    3
   d - Summon Guardian Golem          Hexes/Summoning              3
   e - Summon Lightning Spire         Summoning/Air                4
   f - Summon Ice Beast               Ice/Summoning                4
Miscellaneous
 K - a phial of floods
 M - a phial of floods
 O - a lamp of fire
 R - a lightning rod (4/4)
 T - a lamp of fire
Comestibles
 d - 34 rations
 n - 5 chunks of flesh


   Skills:
 + Level 8.3 Fighting
 + Level 13.7 Polearms
 * Level 4.9 Armour
 * Level 10.7 Dodging
 - Level 2.1 Stealth
 - Level 4.0 Shields
 + Level 16.6 Spellcasting
 + Level 1.6 Conjurations
 + Level 13.6 Hexes
 + Level 15.9 Charms
 + Level 1.1 Summonings
 + Level 5.9 Translocations
 + Level 1.3 Air Magic
 + Level 0.1 Poison Magic
 * Level 15.2 Invocations
 + Level 0.5 Evocations


You had 4 spell levels left.
You knew the following spells:

 Your Spells              Type           Power        Failure   Level  Hunger
a - Infusion              Chrm           ####         0%          1    None
b - Shroud of Golubria    Chrm/Tloc      ######....   1%          2    None
c - Song of Slaying       Chrm           #######.     0%          2    None
d - Lesser Beckoning      Tloc           #####.....   1%          3    None
e - Spectral Weapon       Hex/Chrm       ######..     1%          3    None
f - Silence               Hex/Air        ######....   5%          5    #......
g - Confuse               Hex            ######..     1%          3    None
h - Tukima's Dance        Hex            ######..     1%          3    None
i - Dazzling Spray        Conj/Hex       ######       1%          3    None
j - Summon Butterflies    Summ           ###.....     2%          1    None
k - Swiftness             Chrm/Air       ######..     1%          2    None
l - Metabolic Englaciati  Hex/Ice        ######....   8%          5    #......
m - Deflect Missiles      Chrm/Air       ######....   19%         6    ####...
n - Summon Mana Viper     Hex/Summ       ######..     6%          5    #......
o - Mephitic Cloud        Conj/Pois/Air  ###.....     9%          3    None


Dungeon Overview and Level Annotations

Branches:
Dungeon (15/15)            Temple (1/1) D:6            Lair (6/6) D:11
  Swamp (4/4) Lair:4       Spider (4/4) Lair:3        Slime (0/5) Lair:5
    Orc (2/2) D:10            Elf (2/3) Orc:2        Vaults (2/5) D:13
 Depths (0/5) D:15
  Crypt: Vaults:2-3

Altars:
Ashenzari
Cheibriados
Dithmenos
Elyvilon
Fedhas
Gozag
Hepliaklqana
Kikubaaqudgha
Makhleb
Nemelex Xobeh
Okawaru
Qazlal
Ru
Sif Muna
Trog
Uskayaw
Vehumet
Wu Jian
Xom
Yredelemnul
Zin
The Shining One
Beogh
Jiyva

Shops:
D:6 *   D:7 [   D:13 [   Orc:1 *   Orc:2 :?!(   Elf:1 }}=?   Elf:2 ?
Vaults:1 ((%[[

Portals:
Trove: Vaults:2 (give 7 potions of haste)

Annotations:
D:15 exclusions: skeletal warrior and 2 more exclusions
Swamp:4 Mara
Vaults:2 Mennas


Innate Abilities, Weirdness & Mutations

You revert to your normal form in water.
You are very nimble and swift while swimming.
You are very stealthy in the water. (Stealth+)
Your natural rate of healing is unusually fast.
Your muscles are very strong. (Str +4)


Message History

You feel yourself speed up.
Your angel misses Mennas. Mennas blocks your angel's attack.
You block Mennas's attack. Mennas completely misses you.
Your angel hits Mennas with a whip of holy wrath.
Your angel hits Mennas but does no damage.
Mennas hits you with a sacred scourge of holy wrath!
* * * LOW HITPOINT WARNING * * *
Mennas misses you.
Your angel completely misses Mennas.
Mennas blocks your angel's attack. Mennas hits you but does no damage.
Mennas hits you with a sacred scourge of holy wrath!
* * * LOW HITPOINT WARNING * * *
Okay, then.
Okay, then.
You are confused.
You feel invigorated.
Your angel hits Mennas with a whip of holy wrath.
Mennas blocks your angel's attack.
Mennas hits you with a sacred scourge of holy wrath!
You die...

#.......###..##..###
#.......#..##..##..#
#...<...'..##..##..#
#...)...###..##..###
#.......###..##..###
#.......#..##..##..#
#.......#..##..##..#
'.......###..##..###
#########
#..##.@##### #
#######A...# #A##'##
# #######.#...# #
#.......#.∩.#
#####.#
#.......#...#
).....#
#.......#####
#.....# .'........
)....# .#........#


You could see Mennas and a friendly angel.

Vanquished Creatures
  Jory (Vaults:2)
  Nikola (Elf:1)
  Arachne (Spider:2)
  Asterion (Elf:2)
  A thorn hunter (Swamp:3)
  Roxanne (Swamp:4)
  3 ghost moths (Spider:4)
  Louise (Lair:4)
  3 emperor scorpions
  Aizul (Swamp:4)
  2 vault wardens
  2 orc warlords
  An ironheart preserver (Vaults:1)
  6 entropy weavers
  A spark wasp (Spider:4)
  Snorg (D:10)
  Erolcha (D:10)
  2 ice dragons
  The ghost of Gabide the Carver, a journeyman DrGl of Ru (Lair:2)
  2 yaktaur captains (Vaults:1)
  A vault guard (D:13)
  14 hydras
  6 centaur warriors
  13 two-headed ogres
  A tengu warrior (D:15)
  12 alligators
  14 dancing weapons
  6 ogre magi
  A queen ant (Spider:4)
  Urug (Lair:5)
  3 orc high priests (Elf:1)
  5 deep elf knights
  Nergalle (Orc:2)
  5 spriggans
  A fire crab (shapeshifter) (D:15)
  3 skeletal warriors (D:15)
  2 glowing orange brains
  An unseen horror (D:11)
  5 deep elf archers
  2 spriggan druids
  An orange crystal statue (D:12)
  6 orc knights
  3 shambling mangroves
  3 swamp dragons
  2 lindwurms
  A necromancer (D:13)
  3 ironbrand convokers
  A wizard (D:15)
  3 harpies (Vaults:1)
  48 deep elf magi
  8 orc sorcerers
  9 orb spiders
  8 ugly things
  2 oklob plants
  3 cyclopes
  22 wolf spiders
  3 moths of wrath
  2 manticores (D:12)
  A black mamba (shapeshifter) (Vaults:1)
  4 vault sentinels
  An ice statue (Spider:2)
  A black mamba (Lair:6)
  10 elephants
  6 torpor snails
  A gargoyle (D:13)
  15 spiny frogs
  2 rime drakes (Lair:3)
  A kobold demonologist (D:13)
  9 yaktaurs
  An efreet (D:15)
  12 demonic crawlers
  A freezing wraith (D:15)
  10 komodo dragons
  8 trolls
  38 jumping spiders
  7 tyrant leeches
  A polar bear (Lair:3)
  A queen bee (shapeshifter) (Vaults:2)
  22 hornets
  3 blink frogs (Lair:4)
  A bog body (Swamp:4)
  A meliai (Lair:5)
  4 dream sheep (Lair:6)
  16 slime creatures
  9 hippogriffs
  2 air elementals
  2 wraiths
  73 redbacks
  18 tarantellas
  12 humans
  5 fire elementals
  A fire bat (shapeshifter) (Elf:1)
  3 wyverns
  4 water elementals
  3 fire bats (Lair:3)
  55 yaks
  A steam dragon (D:14)
  2 basilisks
  Grum (D:9)
  2 hungry ghosts
  13 vampire mosquitoes
  30 swamp worms
  5 wargs
  An insubstantial wisp (D:15)
  16 water moccasins
  5 porcupines
  3 swamp drakes
  2 soldier ants
  A sky beast (D:12)
  A black bear (shapeshifter) (D:13)
  4 phantoms (D:9)
  5 ice beasts
  22 orc warriors
  2 eyes of draining (D:11)
  2 black bears (Lair:5)
  7 boggarts
  A boggart (shapeshifter) (Vaults:1)
  13 wolves
  18 ogres
  7 centaurs
  10 crocodiles
  A big kobold (D:12)
  A gnoll sergeant (D:10)
  18 bullfrogs
  3 earth elementals
  8 scorpions
  15 killer bees
  3 wights (D:14)
  4 howler monkeys
  6 electric eels
  3 bullfrog zombies
  3 centaur zombies
  11 crimson imps
  2 lava snakes (Lair:3)
  4 hounds
  A jelly (D:5)
  5 centaur skeletons
  A gnoll shaman (D:7)
  19 orc priests
  41 orc wizards
  Terence (D:3)
  3 iguanas
  19 worker ants
  A hound skeleton (D:4)
  A howler monkey zombie (D:5)
  2 worker ant zombies
  7 gnolls
  11 adders
  8 shadow imps
  An ooze (D:1)
  An adder skeleton (D:5)
  11 worms
  2 dart slugs
  4 leopard geckos
  89 orcs
  A ball python (D:7)
  4 giant cockroaches
  5 hobgoblins
  14 jackals
  3 quokkas
  8 bats
  6 frilled lizards
  8 goblins
  10 kobolds
  2 quokka zombies
  2 rats (D:1)
  2 butterflies (Lair:2)
  5 plants
  3 spectral weapons
1179 creatures vanquished.

Vanquished Creatures (collateral kills)
  Jorgrun (Swamp:4)
  A deep elf blademaster (Elf:2)
  An ironheart preserver (Vaults:2)
  Josephine (Swamp:1)
  2 yaktaur captains (Vaults:2)
  An ogre mage (Vaults:2)
  A vault guard (D:13)
  2 hydras (Swamp:3)
  6 two-headed ogres
  2 alligators
  10 dancing weapons
  A tengu warrior (D:13)
  2 spriggans
  6 deep elf knights
  2 skeletal warriors (D:15)
  An iron troll (shapeshifter) (D:15)
  A shambling mangrove (Swamp:3)
  A lindwurm (shapeshifter) (Vaults:2)
  2 orc knights
  A deep elf archer (Vaults:1)
  7 deep elf magi
  An ironbrand convoker (Vaults:1)
  7 ugly things
  5 orb spiders
  7 wolf spiders
  A manticore (shapeshifter) (Vaults:2)
  A cyclops (D:12)
  A manticore (D:15)
  Maurice (D:12)
  2 torpor snails (Lair:6)
  A vault sentinel (Vaults:2)
  An efreet (D:15)
  A kobold demonologist (D:15)
  6 yaktaurs (Vaults:1)
  A freezing wraith (D:13)
  3 demonic crawlers
  A tengu conjurer (D:13)
  9 jumping spiders
  A troll (D:13)
  2 tyrant leeches
  A meliai (shapeshifter) (Vaults:2)
  9 hornets
  7 slime creatures
  11 redbacks
  7 tarantellas
  4 wraiths (Swamp:1)
  4 yaks (D:13)
  11 humans (D:13)
  2 basilisks
  7 vampire mosquitoes
  A yaktaur simulacrum (Vaults:2)
  2 insubstantial wisps (D:15)
  5 swamp worms
  An orc warrior (D:12)
  3 swamp drakes
  4 ogres
  2 centaurs
  A bullfrog (D:12)
  An earth elemental (Elf:2)
  4 wights (D:12)
  An orc wizard (D:12)
  An orc priest (D:12)
  3 orcs
196 creatures vanquished.

Vanquished Creatures (others)
  An orc sorcerer (Orc:2)
  6 dancing weapons
  2 centaur simulacra (D:15)
  An air elemental (Elf:1)
  A vampire mosquito (D:15)
  2 orcs (D:15)
  28 fungi
  21 plants
  45 spectral weapons
107 creatures vanquished.

Grand Total: 1482 creatures vanquished

Notes
Turn   | Place    | Note
-------+----------+-------------------------------------------
     0 | D:1      | Ikesh the Merfolk Skald began the quest for the Orb.
     0 | D:1      | Reached XP level 1. HP: 16/16 MP: 3/3
   281 | D:1      | Reached XP level 2. HP: 23/23 MP: 0/5
   367 | D:1      | Learned a level 2 spell: Shroud of Golubria
   370 | D:1      | Learned a level 2 spell: Song of Slaying
  1127 | D:2      | Reached XP level 3. HP: 26/28 MP: 0/6
  1851 | D:3      | Found a white marble altar of Elyvilon.
  1881 | D:3      | Found a faded altar of an unknown god.
  1900 | D:3      | Reached XP level 4. HP: 34/34 MP: 3/7
  1951 | D:3      | Noticed an ice beast
  1968 | D:3      | Killed an ice beast
  1968 | D:3      | Reached skill level 3 in Spellcasting
  1968 | D:3      | Reached skill level 1 in Translocations
  1968 | D:3      | Reached XP level 5. HP: 31/39 MP: 1/9
  2043 | D:3      | Reached skill level 1 in Armour
  2052 | D:3      | Found a shadowy altar of Dithmenos.
  2129 | D:3      | Found an iron altar of Okawaru.
  2211 | D:3      | Noticed Terence
  2224 | D:3      | Killed Terence
  2532 | D:3      | Gained mutation: You expend magic power (3 MP) to strengthen your wands. [potion of mutation]
  2532 | D:3      | Lost mutation: You expend magic power (3 MP) to strengthen your wands. [potion of mutation]
  2532 | D:3      | Gained mutation: You are partially covered in slimy green scales. (AC +2) [potion of mutation]
  2674 | D:3      | Became a worshipper of Elyvilon the Healer
  2806 | D:4      | Reached skill level 5 in Polearms
  2806 | D:4      | Reached XP level 6. HP: 44/46 MP: 2/10
  2850 | D:4      | Learned a level 1 spell: Corona
  2854 | D:4      | Learned a level 3 spell: Spectral Weapon
  3020 | D:4      | Found a bloodstained altar of Trog.
  3343 | D:4      | Reached * piety under Elyvilon
  3558 | D:4      | Reached skill level 1 in Invocations
  3572 | D:4      | Reached XP level 7. HP: 29/51 MP: 0/12
  3803 | D:4      | Learned a level 2 spell: Ensorcelled Hibernation
  3845 | D:5      | Entered Level 5 of the Dungeon
  3920 | D:5      | Reached skill level 1 in Hexes
  4094 | D:5      | Reached skill level 4 in Spellcasting
  4276 | D:5      | Found a stormy altar of Qazlal.
  4301 | D:5      | Found a deep blue altar of Sif Muna.
  4472 | D:5      | Found a shimmering altar of Xom.
  4483 | D:5      | Reached XP level 8. HP: 58/58 MP: 6/14
  4989 | D:6      | Reached skill level 5 in Charms
  5034 | D:6      | Reached skill level 1 in Stealth
  5056 | D:6      | Reached ** piety under Elyvilon
  5103 | D:6      | Found Faejisis's General Store.
  5311 | D:6      | Found a staircase to the Ecumenical Temple.
  5444 | Temple   | Entered the Ecumenical Temple
  5503 | Temple   | Fell from the grace of Elyvilon
  5503 | Temple   | Became a worshipper of the Shining One
  5503 | Temple   | Reached * piety under the Shining One
  5591 | D:7      | Noticed a hornet
  5602 | D:7      | Killed a hornet
  5602 | D:7      | Reached skill level 5 in Spellcasting
  5841 | D:7      | Learned a level 3 spell: Confuse
  5845 | D:7      | Learned a level 3 spell: Tukima's Dance
  5852 | D:7      | Reached XP level 9. HP: 57/65 MP: 9/17
  6428 | D:7      | Found Xeirchese's Antique Armour Shoppe.
  6884 | D:7      | Reached skill level 6 in Spellcasting
  6996 | D:8      | Reached ** piety under the Shining One
  7154 | D:8      | Got a pitted flail
  7158 | D:8      | Identified the +10 flail "Mewyi" {pain, rC+ MR+ Int+2} (You found it on level 8 of the Dungeon)
  7162 | D:8      | Found a glowing silver altar of Zin.
  7349 | D:8      | Found a sacrificial altar of Ru.
  7390 | D:8      | Noticed a two-headed ogre
  7398 | D:8      | Killed a two-headed ogre
  7398 | D:8      | Reached skill level 5 in Invocations
  7539 | D:9      | Reached XP level 10. HP: 71/71 MP: 8/20
  7544 | D:9      | Learned a level 3 spell: Dazzling Spray
  7609 | D:9      | Reached skill level 5 in Hexes
  7623 | D:9      | Reached skill level 7 in Spellcasting
  7625 | D:9      | Noticed Grum
  7736 | D:9      | Killed Grum
  8096 | D:9      | Found a hazy altar of Hepliaklqana.
  8247 | D:9      | Reached *** piety under the Shining One
  8275 | D:9      | Noticed a centaur warrior
  8378 | D:9      | Killed a centaur warrior
  8556 | D:9      | Found a burning altar of Makhleb.
  8706 | D:10     | Entered Level 10 of the Dungeon
  8711 | D:10     | Noticed a two-headed ogre
  8718 | D:10     | Killed a two-headed ogre
  8718 | D:10     | Reached skill level 10 in Polearms
  8718 | D:10     | Reached skill level 8 in Spellcasting
  8718 | D:10     | Reached XP level 11. HP: 78/78 MP: 7/23
  8738 | D:10     | Noticed Erolcha
  8760 | D:10     | Killed Erolcha
  8760 | D:10     | Reached skill level 5 in Dodging
  8812 | D:10     | Noticed Snorg
  9111 | D:10     | HP: 3/78 [Snorg (1)]
  9114 | D:11     | Noticed a seven-headed hydra
  9158 | D:11     | Noticed an unseen horror
  9166 | D:11     | Killed an unseen horror
  9172 | D:11     | Found a staircase to the Lair.
  9305 | D:11     | Noticed an oklob plant
  9411 | D:11     | Reached **** piety under the Shining One
  9426 | D:11     | Reached skill level 9 in Spellcasting
  9512 | D:11     | Noticed a cyan ugly thing
  9526 | D:11     | Killed a cyan ugly thing
  9709 | D:11     | Learned a level 1 spell: Summon Butterflies
  9797 | D:11     | Killed a seven-headed hydra
 10031 | D:10     | Killed Snorg
 10447 | D:10     | Found a staircase to the Orcish Mines.
 10688 | D:6      | Bought a book of Air for 385 gold pieces
 10691 | D:6      | Learned a level 2 spell: Swiftness
 10945 | D:10     | Reached XP level 12. HP: 65/84 MP: 13/25
 11032 | Orc:1    | Entered Level 1 of the Orcish Mines
 11070 | Orc:1    | Found a roughly hewn altar of Beogh.
 11100 | Orc:1    | Noticed an orc warlord
 11136 | Orc:1    | Killed an orc warlord
 11142 | Orc:1    | Reached skill level 10 in Spellcasting
 11353 | Orc:1    | Learned a level 5 spell: Metabolic Englaciation
 11653 | Orc:1    | Found Hugeoz's Assorted Antiques.
 11724 | Orc:2    | Entered Level 2 of the Orcish Mines
 12641 | Orc:2    | Noticed an ogre mage
 12653 | Orc:2    | Killed an ogre mage
 12657 | Orc:2    | Found Xauluoho's Magic Scroll Shoppe.
 12667 | Orc:2    | Reached skill level 1 in Shields
 12688 | Orc:2    | Found Ojunkeustu's Book Emporium.
 12702 | Orc:2    | Reached skill level 5 in Fighting
 12744 | Orc:2    | Bought a scroll of enchant weapon for 105 gold pieces
 12760 | Orc:2    | Found a radiant altar of Vehumet.
 12760 | Orc:2    | Noticed an ogre mage
 12761 | Orc:2    | Noticed an ogre mage
 13018 | Orc:2    | Paralysed by an orc sorcerer for 2 turns
 13184 | Orc:2    | Killed an ogre mage
 13201 | Orc:2    | Found Sifude's Distillery.
 13207 | Orc:2    | Killed an ogre mage
 13231 | Orc:2    | Reached skill level 11 in Spellcasting
 13231 | Orc:2    | Reached XP level 13. HP: 43/91 MP: 5/28
 13240 | Orc:2    | Paralysed by an orc sorcerer for 5 turns
 13263 | Orc:2    | Paralysed by an orc sorcerer for 6 turns
 13472 | Orc:2    | Noticed Nergalle
 13499 | Orc:2    | Killed Nergalle
 13540 | Orc:2    | Found a roughly hewn altar of Beogh.
 13561 | Orc:2    | Paralysed by an orc sorcerer for 5 turns
 13671 | Orc:2    | Found Pycesu's Antique Weapon Shoppe.
 13709 | Orc:2    | Found an ancient bone altar of Kikubaaqudgha.
 13740 | Orc:2    | Bought a book of the Sky for 650 gold pieces
 13747 | Orc:2    | Learned a level 6 spell: Deflect Missiles
 14265 | Lair:1   | Entered Level 1 of the Lair of Beasts
 15146 | Lair:2   | Noticed Gabide's ghost (journeyman DrGl)
 15186 | Lair:2   | Killed Gabide's ghost
 15916 | Lair:3   | Found a hole to the Spider Nest.
 16062 | Lair:3   | You fall through a shaft for 2 floors!
 16067 | Lair:5   | Noticed Urug
 16516 | Lair:3   | Reached skill level 12 in Spellcasting
 16584 | Lair:3   | Learned a level 3 spell: Lesser Beckoning
 16678 | Lair:3   | Reached skill level 10 in Charms
 16862 | Lair:4   | Found a staircase to the Swamp.
 17109 | Lair:4   | Reached XP level 14. HP: 98/98 MP: 16/30
 17588 | Lair:4   | Reached skill level 10 in Invocations
 18810 | Lair:5   | Killed Urug
 19900 | Lair:5   | Found a viscous altar of Jiyva.
 19900 | Lair:5   | Found a staircase to the Slime Pits.
 19939 | Lair:5   | Reached skill level 13 in Spellcasting
 20148 | Lair:5   | Lost mutation: You are partially covered in slimy green scales. (AC +2) [potion of mutation]
 20148 | Lair:5   | Gained mutation: Your muscles are strong. (Str +2) [potion of mutation]
 20148 | Lair:5   | Gained mutation: Your natural rate of healing is unusually fast. [potion of mutation]
 20148 | Lair:5   | Gained mutation: Your muscles are very strong. (Str +4) [potion of mutation]
 20151 | Lair:6   | Entered Level 6 of the Lair of Beasts
 20363 | Lair:6   | Reached ***** piety under the Shining One
 21704 | Lair:6   | Reached skill level 10 in Hexes
 22080 | Lair:6   | Found a runed door.
 22373 | Lair:6   | Reached XP level 15. HP: 103/103 MP: 14/32
 22754 | D:12     | Noticed Maurice
 22762 | D:12     | Killed Maurice
 22861 | D:12     | Learned a level 5 spell: Silence
 23392 | D:12     | Found a gateway to a bazaar.
 23405 | Bazaar   | Entered a bazaar
 23413 | Bazaar   | Found Fiema's Antique Armour Shop.
 23427 | Bazaar   | Found Delaxtoh's Food Boutique.
 23441 | Bazaar   | Found Avis's Assorted Antiques.
 23455 | Bazaar   | Found Tiobyas's Food Boutique.
 23469 | Bazaar   | Found Utoly's Assorted Antiques.
 23477 | Bazaar   | Bought 2 scrolls of enchant weapon for 210 gold pieces
 23477 | Bazaar   | Bought a scroll labeled ITTYICAUSI for 14 gold pieces
 23491 | Bazaar   | Found Hutti's Food Boutique.
 23597 | Bazaar   | Bought a ration for 30 gold pieces
 23597 | Bazaar   | Bought a ration for 30 gold pieces
 23597 | Bazaar   | Bought a ration for 30 gold pieces
 23597 | Bazaar   | Bought a ration for 30 gold pieces
 23597 | Bazaar   | Bought a ration for 30 gold pieces
 23597 | Bazaar   | Bought a ration for 30 gold pieces
 23597 | Bazaar   | Bought a ration for 30 gold pieces
 23597 | Bazaar   | Bought a ration for 30 gold pieces
 23611 | Bazaar   | Bought a potion of curing for 63 gold pieces
 23611 | Bazaar   | Bought a scroll of teleportation for 63 gold pieces
 23611 | Bazaar   | Bought a scroll of enchant weapon for 157 gold pieces
 23611 | Bazaar   | Bought a scroll of teleportation for 63 gold pieces
 23625 | Bazaar   | Bought a ration for 45 gold pieces
 24663 | D:13     | Found a gate to the Vaults.
 24924 | D:13     | Found Hoabeum's Antique Armour Boutique.
 24982 | D:14     | Reached skill level 14 in Spellcasting
 25019 | D:14     | Reached skill level 1 in Conjurations
 25394 | D:14     | Got a jewelled ring mail
 25412 | D:14     | Identified the cursed +1 ring mail of Deddeak {+Inv rPois Int-4 Dex+3} (You found it on level 14 of the Dungeon)
 26028 | D:15     | Entered Level 15 of the Dungeon
 26939 | D:15     | Noticed a shadow dragon
 26939 | D:15     | an iron troll changed into a shadow dragon
 26940 | D:15     | a shadow dragon changed into an iron troll
 26952 | D:15     | Reached XP level 16. HP: 112/112 MP: 10/34
 27000 | D:15     | Found a staircase to the Depths.
 27937 | Spider:1 | Entered Level 1 of the Spider Nest
 28273 | Swamp:1  | Entered Level 1 of the Swamp
 28273 | Swamp:1  | Noticed Louise
 28294 | Lair:4   | Killed Louise
 28503 | Swamp:1  | Noticed Josephine
 28522 | Swamp:1  | Killed Josephine
 28916 | Swamp:1  | Paralysed by a hornet for 2 turns
 30331 | Swamp:2  | Learned a level 5 spell: Summon Mana Viper
 30740 | Swamp:3  | Noticed a thorn hunter
 30751 | Swamp:3  | Killed a thorn hunter
 31106 | Swamp:3  | Found a glowing silver altar of Zin.
 31361 | Swamp:4  | Entered Level 4 of the Swamp
 31361 | Swamp:4  | Noticed Jorgrun
 31572 | Swamp:3  | Reached skill level 5 in Translocations
 31572 | Swamp:3  | Reached XP level 17. HP: 114/119 MP: 22/35
 31791 | Swamp:4  | Noticed Roxanne
 31829 | Swamp:4  | Killed Roxanne
 31839 | Swamp:4  | Identified Roxanne's Incunabulum of Transmutation (You took it off Roxanne on level 4 of the Swamp)
 32239 | Swamp:4  | Noticed Aizul
 32259 | Swamp:4  | Killed Aizul
 32556 | Swamp:4  | Reached skill level 1 in Air Magic
 32747 | Swamp:4  | Killed Jorgrun
 32757 | Swamp:4  | Noticed Mara
 32765 | Swamp:4  | Noticed Ikesh's illusion
 33361 | Orc:2    | Found a staircase to the Elven Halls.
 33483 | Orc:2    | Bought a potion of might for 56 gold pieces
 33483 | Orc:2    | Bought a potion of agility for 56 gold pieces
 33483 | Orc:2    | Bought a potion of cancellation for 112 gold pieces
 33573 | Elf:1    | Entered Level 1 of the Elven Halls
 33581 | Elf:1    | Reached skill level 15 in Spellcasting
 34884 | Elf:1    | Found a roughly hewn altar of Beogh.
 34919 | Elf:1    | Noticed Nikola
 34933 | Elf:1    | Killed Nikola
 34985 | Elf:1    | Found Misibiod's Gadget Shoppe.
 34989 | Elf:1    | Found Leatin's Jewellery Shop.
 34990 | Elf:1    | Found Ylulus's Gadget Shoppe.
 35383 | Elf:1    | Learned a level 2 spell: Poisonous Vapours
 35402 | Elf:1    | Found Qelus's Magic Scroll Shoppe.
 35410 | Elf:1    | Bought a scroll of enchant weapon for 120 gold pieces
 35410 | Elf:1    | Bought a scroll of amnesia for 56 gold pieces
 35666 | Elf:2    | Noticed Asterion
 35685 | Elf:2    | Killed Asterion
 36157 | Elf:2    | Found Joqoqaaj's Magic Scroll Shoppe.
 36186 | Elf:2    | Got a transparent amber ring
 36188 | Elf:2    | Identified the ring of Ydwe Mom {rF+ MR+ Str+4 Int+5 Stlth+} (You acquired it on level 2 of the Elven Halls)
 36301 | Elf:2    | Reached XP level 18. HP: 114/127 MP: 11/37
 36699 | Elf:2    | Found a runed gate.
 36700 | Elf:2    | Found a runed gate.
 36700 | Elf:2    | Found a runed gate.
 37049 | Elf:2    | Reached skill level 1 in Summonings
 37201 | Elf:2    | Noticed a deep elf blademaster
 37211 | Elf:2    | Killed a deep elf blademaster
 37211 | Elf:2    | Reached skill level 15 in Charms
 38296 | Spider:2 | Noticed Arachne
 38342 | Spider:2 | Killed Arachne
 39055 | Spider:2 | Got a smoking granite ring
 39056 | Spider:2 | Identified the ring "Panojejo" {rPois rC+ Int+2 Dex+4 Stlth+} (You found it on level 2 of the Spider Nest)
 39165 | Spider:2 | Got a faintly humming ring mail
 39176 | Spider:2 | Identified the +4 ring mail of Lyekligu {rPois MP+9} (You found it on level 2 of the Spider Nest)
 39935 | Spider:3 | Reached skill level 16 in Spellcasting
 40274 | Spider:4 | Entered Level 4 of the Spider Nest
 41034 | Spider:4 | Reached XP level 19. HP: 125/134 MP: 37/39
 41333 | Spider:4 | Learned a level 3 spell: Mephitic Cloud
 41882 | Spider:4 | Got a gossamer rune of Zot
 42766 | Vaults:1 | Entered Level 1 of the Vaults
 42789 | D:13     | Reached skill level 10 in Dodging
 43239 | Vaults:1 | Got a shimmering scale mail
 43240 | Vaults:1 | Identified the +3 scale mail of Iputes {+Blink} (You found it on level 1 of the Vaults)
 43662 | Vaults:1 | Found Qiucumi's Antique Armour Shop.
 43859 | Vaults:1 | Found Doinegim's Antique Weapon Boutique.
 43920 | Vaults:1 | Found Dutrak's Weapon Shoppe.
 44064 | Vaults:1 | Reached skill level 15 in Invocations
 44419 | Vaults:1 | Found Qinog's Food Shop.
 44523 | Vaults:1 | Found Putag's Antique Armour Boutique.
 44613 | Vaults:2 | Noticed Jory
 44636 | Vaults:2 | Killed Jory
 45220 | Vaults:2 | Found a portal to a secret trove of treasure.
 45230 | Vaults:2 | Noticed Mennas
 45257 | Vaults:2 | HP: 4/136 [Mennas/sacred scourge of holy wrath (17)]
 45258 | Vaults:2 | Slain by Mennas

Skill      XL: |  1  2  3  4  5  6  7  8  9 10 11 12 13 14 15 16 17 18 19 |
---------------+----------------------------------------------------------+-----
Polearms       | 4 5 6 7 9 10 11 12 13 | 13.7
Dodging        | 3 4 5 7 8 9 10 | 10.7
Spellcasting   | 3 4 5 6 8 9 11 12 13 14 15 16 | 16.6
Charms         | 4 5 6 7 8 9 10 12 13 14 15 | 15.9
Translocations | 1 2 3 4 5 |  5.9
Armour         | 1 2 3 4 |  4.9
Invocations    | 1 2 3 5 6 7 8 9 10 11 12 13 14 15 | 15.2
Hexes          | 2 3 4 5 6 7 9 10 11 12 13 | 13.6
Fighting       | 3 4 5 6 7 8 |  8.3
Stealth        | 1 2 |  2.1
Shields        | 1 2 3 4 |  4.0
Conjurations   | 1 |  1.6
Air Magic      | 1 |  1.3
Summonings     | 1 |  1.1
Poison Magic   | |  0.1
Evocations     | |  0.5

Action                   |  1- 3 |  4- 6 |  7- 9 | 10-12 | 13-15 | 16-18 | 19-21 || total
-------------------------+-------+-------+-------+-------+-------+-------+-------++-------
Melee: Spear             |    74 |       |       |   379 |  1495 |  1524 |   503 ||  3975
       Trident           |    50 |   125 |   274 |   218 |       |       |       ||   667
       Tailslap          |       |       |       |       |     4 |    42 |     3 ||    49
 Cast: Infusion          |    13 |    13 |    31 |    47 |    33 |    30 |     7 ||   174
       Shroud of Golubri |    10 |    20 |    36 |    79 |   202 |   186 |    69 ||   602
       Song of Slaying   |     2 |     4 |     9 |    35 |    84 |    61 |    11 ||   206
       Spectral Weapon   |       |       |     4 |    67 |   190 |   191 |    67 ||   519
       Corona            |       |       |     2 |     3 |       |       |       ||     5
       Tukima's Dance    |       |       |       |     2 |     4 |     8 |     4 ||    18
       Confuse           |       |       |       |     2 |    99 |   155 |    82 ||   338
       Summon Butterflie |       |       |       |     1 |       |     1 |       ||     2
       Swiftness         |       |       |       |     2 |    12 |     7 |     3 ||    24
       Dazzling Spray    |       |       |       |       |    52 |    27 |     2 ||    81
       Lesser Beckoning  |       |       |       |       |     1 |     1 |     1 ||     3
       Summon Mana Viper |       |       |       |       |       |    19 |     1 ||    20
       Deflect Missiles  |       |       |       |       |       |     7 |     3 ||    10
       Metabolic Englaci |       |       |       |       |       |    15 |     4 ||    19
       Poisonous Vapours |       |       |       |       |       |     3 |       ||     3
       Mephitic Cloud    |       |       |       |       |       |       |     4 ||     4
Invok: Divine Shield     |       |       |       |    11 |     9 |    22 |     7 ||    49
       Cleansing Flame   |       |       |       |       |     8 |    10 |       ||    18
       Summon Divine War |       |       |       |       |    11 |    16 |     8 ||    35
Evoke: Wand              |       |       |     5 |     4 |    11 |     7 |     1 ||    28
       Lamp of fire      |       |       |       |       |       |     1 |       ||     1
       Lightning rod     |       |       |       |       |       |     1 |       ||     1
       Phial of floods   |       |       |       |       |       |     1 |       ||     1
  Use: Potion            |     1 |     4 |     3 |     4 |     8 |    18 |     5 ||    43
       Scroll            |     6 |     4 |     7 |    13 |    16 |    26 |     6 ||    78
 Stab: Sleeping          |       |     1 |     2 |       |       |       |       ||     3
  Eat: Chunk             |     3 |     6 |     8 |    10 |    30 |    21 |    10 ||    88
       Ration            |     1 |       |     2 |     3 |     5 |    11 |     2 ||    24
Armor: Leather armour    |    34 |    23 |    50 |    47 |       |       |       ||   154
       Troll leather arm |       |       |       |    99 |   309 |   141 |       ||   549
       Skin              |       |       |       |       |       |    16 |       ||    16
       Ring mail         |       |       |       |       |       |    42 |    75 ||   117
Dodge: Dodged            |    85 |    67 |   124 |   265 |   557 |   568 |   183 ||  1849
       Deflected         |       |       |       |       |       |    28 |    14 ||    42
Block: Other             |       |       |       |    33 |       |       |       ||    33
       Buckler           |       |       |       |    43 |   233 |   301 |   101 ||   678
